 Dungeon Crawl Stone Soup version 0.23.1 (webtiles) character file.

Game seed: 1709350823452976650

21415 Borgoz the Slicer (level 12, 0/104 HPs)
             Began as a Ghoul Enchanter on Mar 2, 2019.
             Was a Believer of Ashenzari.
             Slain by a spectral black mamba (13 damage)
             ... in a Gauntlet.
             The game lasted 00:55:58 (17511 turns).

Borgoz the Slicer (Ghoul Enchanter)                Turns: 17511, Time: 00:55:59

Health: 0/104      AC: 16    Str: 18    XL:     12   Next: 89%
Magic:  18/18      EV: 19    Int: 11    God:    Ashenzari [**....]
Gold:   284        SH:  0    Dex: 15    Spells: 14/21 levels left

rFire    . . .     SeeInvis +   a - +2 dagger (vamp)
rCold    + + .     Gourm    .   (no shield)
rNeg     + + +     Faith    .   K - +1 robe of Eblephikh {Int+4}
rPois    ∞         Spirit   .   j - +2 helmet (curse)
rElec    +         Reflect  .   P - +2 cloak {+Inv}
rCorr    .         Harm     .   Z - +2 pair of gloves {Dex+3}
MR       .....     NoTele   +   k - +2 pair of boots {Stlth+}
Stlth    +++++.....             (no amulet)
HPRegen  0.00/turn              i - +2 ring of evasion
MPRegen  0.16/turn              A - ring "Xouloa" {rElec rC+ Int-4 Slay+6 SInv}

@: mighty, very slightly contaminated, rotting, slowed, very slow
A: rotting body, claws 1, carnivore, cold resistance 1, negative energy
resistance 3, inhibited regeneration, torment resistance, unbreathing
a: Curse Item, Scrying, Renounce Religion, Evoke Invisibility


You were in a Gauntlet.
You worshipped Ashenzari.
Ashenzari was pleased with you.
You were not hungry.

You visited 2 branches of the dungeon, and saw 14 of its levels.
You also visited: Ossuary and Gauntlet.

You collected 989 gold pieces.
You spent 705 gold pieces at shops.

Inventory:

Hand Weapons
 a - a +2 vampiric dagger (weapon)
 b - a +2 blowgun
 G - a +4 short sword of distortion
Missiles
 p - 5 silver tomahawks
 r - 4 tomahawks
 s - 92 poisoned needles
 v - 2 throwing nets (quivered)
 y - 3 needles of sleeping
 U - 9 curare-tipped needles
Armour
 c - a +1 leather armour of cold resistance
 f - a +2 pair of gloves of archery
 j - a cursed +2 helmet (worn)
 k - a +2 pair of boots of stealth (worn)
 w - a +2 ring mail of fire resistance
 H - a +1 cloak of invisibility
 I - a +0 troll leather armour
 K - the +1 robe of Eblephikh (worn) {Int+4}
   (You found it on level 8 of the Dungeon)

   It affects your intelligence (+4).
 M - a scarf of repulsion
 P - a +2 cloak of invisibility (worn)
 Z - a +2 pair of gloves of dexterity (worn)
Jewellery
 e - an uncursed ring of fire
 i - a +2 ring of evasion (left hand)
 q - a +1 ring of slaying
 u - an uncursed ring of see invisible
 A - the ring "Xouloa" (right hand) {rElec rC+ Int-4 Slay+6 SInv}
   (You found it on level 6 of the Dungeon)

   [ring of see invisible]

   It affects your intelligence (-4).
   It affects your accuracy and damage with ranged weapons and melee attacks
   (+6).
   It protects you from cold.
   It insulates you from electricity.
   It lets you see invisible.
 D - an uncursed ring of magical power
 O - an uncursed ring of protection from fire
 Y - a +2 ring of protection
Wands
 o - a wand of enslavement (8)
 N - a wand of digging (10)
 Q - a wand of scattershot (5)
 R - a wand of paralysis (11)
 T - a wand of acid (11)
 V - a wand of disintegration (33)
 W - a wand of flame (15)
Scrolls
 m - 2 scrolls of fog
 n - a scroll of magic mapping
 z - 2 scrolls of teleportation
 B - a scroll of silence
 J - 2 scrolls of blinking
 L - 2 scrolls of identify
 S - 3 scrolls of amnesia
 X - 4 scrolls of enchant armour
Potions
 g - a potion of haste
 h - 2 potions of brilliance
 l - 4 potions of flight
 t - 4 potions of cancellation
 x - a potion of curing
 C - a potion of agility
 E - 2 potions of might
 F - a potion of resistance
Comestibles
 d - 24 rations


   Skills:
 + Level 9.0 Fighting
 * Level 10.2 Short Blades
 - Level 3.0 Throwing
 + Level 6.6 Armour
 + Level 7.8 Dodging
 + Level 8.9 Stealth
 - Level 5.1 Spellcasting
 + Level 3.9 Hexes
 + Level 5.0 Evocations


You had 14 spell levels left.
You knew the following spells:

 Your Spells              Type           Power        Failure   Level  Hunger
a - Corona                Hex            ##.....      4%          1    None
b - Ensorcelled Hibernat  Hex/Ice        #.....       14%         2    ##.....
c - Confuse               Hex            ##......     13%         3    ###....
d - Confusing Touch       Hex            ##....       4%          1    None

Your spell library contained the following spells:

 Spells                   Type           Power        Failure   Level  Hunger
 Tukima's Dance           Hex            ##......     13%         3    ###....
 Animate Skeleton         Necr           N/A          22%         1    None
 Apportation              Tloc           #.....       22%         1    None
 Sandblast                Erth           #.....       22%         1    None
 Sting                    Conj/Pois      #...         22%         1    None
 Summon Small Mammal      Summ           #...         22%         1    None
 Dazzling Spray           Conj/Hex       #.....       28%         3    ###....
 Passwall                 Tmut/Erth      #.......     32%         2    ##.....
 Poisonous Vapours        Pois/Air       #.....       32%         2    ##.....
 Gell's Gravitas          Tloc           #.........   54%         3    ###....
 Mephitic Cloud           Conj/Pois/Air  #.......     54%         3    ###....
 Stone Arrow              Conj/Erth      #.....       54%         3    ###....
 Olgreb's Toxic Radiance  Pois           #.......     91%         4    ####...
 Petrify                  Tmut/Erth      #.......     91%         4    ####...
 Metabolic Englaciation   Hex/Ice        #.........   95%         5    ######.
 Yara's Violent Unravell  Hex/Tmut       #.........   95%         5    ######.
 Lee's Rapid Deconstruct  Erth           #.........   99%         5    ######.
 Venom Bolt               Conj/Pois      #.........   99%         5    ######.


Dungeon Overview and Level Annotations

Branches:
Dungeon (13/15)            Temple (1/1) D:4            Lair (0/6) D:11
    Orc (0/2) D:9
 Vaults: D:13-14

Altars:
Ashenzari
Cheibriados
Dithmenos
Elyvilon
Fedhas
Gozag
Hepliaklqana
Kikubaaqudgha
Makhleb
Nemelex Xobeh
Okawaru
Qazlal
Ru
Sif Muna
Trog
Uskayaw
Vehumet
Wu Jian
Xom
Yredelemnul
Zin
The Shining One

Shops:
D:5 [   D:9 *[?[=

Annotations:
Gauntlet 6 transporters, 1 runed translucent door


Innate Abilities, Weirdness & Mutations

Your body is rotting away.
You thrive on raw meat.
You are immune to poison.
You have sharp fingernails.
You are carnivorous and can eat meat at any time.
Your flesh is cold resistant. (rC+)
You are immune to negative energy. (rN+++)
You do not regenerate when monsters are visible.
You are immune to unholy pain and torment.
You can survive without breathing.


Message History

Blink to where?
Press: ? - help, Dir - move target cursor You are very lightly contaminated with residual magic.
As you read the scroll of blinking, it crumbles to dust.
The death scarab closely misses you.
The spectral spiny frog completely misses you.
The spectral black mamba bites you.
* * * LOW HITPOINT WARNING * * *
The spectral spiny frog barely misses you.
You enter the transporter and appear at another place.
The spectral black mamba completely misses you.
The spectral black mamba bites you but does no damage.
The spectral spiny frog closely misses you.
The spectral black mamba closely misses you.
The spectral spiny frog closely misses you.
Okay, then.
You hit the spectral spiny frog.
The spectral spiny frog is lightly damaged.
The spectral black mamba bites you!
You die...

#≈..##8.©.8##..#.#.....#.#..#
##..#8.8.8.8#..#.##...##.#..≈
#≈..#...8Z..#..#..##.##..#..#
##..#./|§.ss#..#ss":©}...#..§
#≈..#########..###########..#
##...........∩..............§
#≈.................§........#
###≈#§#≈#≈########≈#≈#≈#≈#≈##
#########Z@..©.###########
#..Z...# * * , ........... *
............. ##.#.#######.#
#.#., , # #,#. * * .. ,,,, ,,
* *


You could see a wolf spider, a spectral black mamba, a spectral seven-headed
hydra, a spectral spiny frog, a jumping spider and 2 death scarabs.

Vanquished Creatures
  Harold (D:7)
  3 two-headed ogres
  Erica (D:10)
  Nergalle (D:10)
  Sonja (D:10)
  2 unseen horrors
  An orange crystal statue (D:12)
  Pikel (D:3)
  2 manticores
  An ugly thing (D:11)
  Maurice (D:8)
  A centaur zombie (D:12)
  An ice statue (Gauntlet)
  Joseph (D:10)
  A rime drake (Gauntlet)
  3 meliai (D:13)
  3 trolls
  5 hippogriffs
  4 shadows (Gauntlet)
  2 wyverns
  A vampire (D:12)
  12 yaks
  A basilisk (D:11)
  2 wraiths
  Grum (D:10)
  A hungry ghost (D:10)
  A steam dragon (D:8)
  Menkaure (D:4)
  2 water moccasins
  2 acid dragons
  7 orc warriors
  2 porcupines (D:11)
  2 sky beasts
  3 ice beasts
  A slave (D:5)
  4 black bears
  7 ogres
  2 phantoms
  4 wolves
  A necrophage (D:6)
  6 centaurs
  2 crocodiles (D:11)
  5 big kobolds
  Blork the orc (D:6)
  A gnoll sergeant (D:11)
  5 bullfrogs
  A water moccasin skeleton (D:10)
  3 scorpions
  6 wights
  2 howler monkeys
  7 crimson imps
  2 bullfrog zombies
  3 jellies
  4 orc priests
  2 gnoll shamans (D:10)
  10 orc wizards
  A bullfrog skeleton (D:6)
  3 iguanas
  12 worker ants
  A big kobold zombie (Ossuary)
  A hound zombie (D:8)
  8 mummies (Ossuary)
  2 worker ant zombies
  12 adders
  15 gnolls
  A shadow imp (D:10)
  An ooze (D:1)
  An adder skeleton (D:4)
  3 worms
  3 dart slugs
  3 leopard geckos
  37 orcs
  2 ball pythons (D:6)
  4 bats
  7 giant cockroaches
  A gnoll zombie (Ossuary)
  6 goblins
  8 hobgoblins
  19 jackals
  3 quokkas
  4 frilled lizards
  A giant cockroach zombie (D:5)
  A goblin zombie (D:7)
  A hobgoblin zombie (Ossuary)
  14 kobolds
  2 kobold zombies (Ossuary)
  3 orc zombies (Ossuary)
  9 rats
  A rat zombie (D:7)
343 creatures vanquished.

Vanquished Creatures (others)
  A scorpion (D:4)
  An orc wizard (D:7)
  A worker ant (D:4)
  4 orcs
  5 fungi (D:10)
  4 plants (D:10)
16 creatures vanquished.

Grand Total: 359 creatures vanquished

Notes
Turn   | Place    | Note
-------+----------+-------------------------------------------
     0 | D:1      | Borgoz the Ghoul Enchanter began the quest for the Orb.
     0 | D:1      | Reached XP level 1. HP: 14/14 MP: 2/2
    42 | D:1      | Reached skill level 1 in Short Blades
    65 | D:1      | Reached XP level 2. HP: 6/22 MP: 3/3
   451 | D:1      | Reached skill level 1 in Fighting
   942 | D:1      | Reached XP level 3. HP: 25/28 MP: 4/4
  1379 | D:2      | Noticed a bullfrog
  1414 | D:2      | Learned a level 2 spell: Ensorcelled Hibernation
  1429 | D:2      | Killed a bullfrog
  1429 | D:2      | Reached skill level 2 in Short Blades
  1429 | D:2      | Reached XP level 4. HP: 4/36 MP: 0/5
  2052 | D:2      | Reached XP level 5. HP: 41/42 MP: 6/6
  2842 | D:3      | Found a snail-covered altar of Cheibriados.
  3670 | D:4      | Reached XP level 6. HP: 51/51 MP: 7/7
  3692 | D:4      | Reached skill level 3 in Short Blades
  3692 | D:4      | Reached skill level 1 in Throwing
  4500 | D:4      | Reached XP level 7. HP: 57/58 MP: 8/8
  4507 | D:4      | Found a shimmering altar of Xom.
  4617 | D:4      | Learned a level 3 spell: Confuse
  4619 | D:4      | Learned a level 1 spell: Confusing Touch
  4637 | D:4      | Found a staircase to the Ecumenical Temple.
  4643 | Temple   | Entered the Ecumenical Temple
  4737 | Temple   | Became a worshipper of Ashenzari the Shackled
  4773 | D:4      | Noticed Menkaure
  4788 | D:4      | Killed Menkaure
  5201 | D:5      | Entered Level 5 of the Dungeon
  5339 | D:5      | Noticed Pikel
  5433 | D:4      | Reached skill level 4 in Short Blades
  5433 | D:4      | Reached skill level 1 in Armour
  5712 | D:3      | Killed Pikel
  5712 | D:3      | Reached XP level 8. HP: 19/67 MP: 4/9
  6123 | D:5      | Reached skill level 5 in Short Blades
  6375 | D:5      | Found Zoit's Antique Armour Emporium.
  6383 | D:5      | Bought a pair of boots for 103 gold pieces
  6500 | D:5      | Reached skill level 5 in Fighting
  6602 | D:6      | Identified the ring "Xouloa" {rElec rC+ Int-4 Slay+6 SInv}
  6602 | D:6      | Noticed Blork the orc
  6619 | D:6      | Killed Blork the orc
  7241 | D:6      | Reached skill level 5 in Dodging
  7241 | D:6      | Reached XP level 9. HP: 54/74 MP: 9/11
  7448 | D:6      | Found an ancient bone altar of Kikubaaqudgha.
  7908 | D:7      | Noticed Harold
  8043 | D:7      | Killed Harold
  8043 | D:7      | Reached skill level 6 in Short Blades
  8093 | D:7      | Found a sand-covered staircase.
  8101 | Ossuary  | Entered an ossuary
  8212 | Ossuary  | Reached skill level 5 in Stealth
  8472 | D:7      | Found a burning altar of Makhleb.
  8472 | D:7      | Noticed a cacodemon
  8475 | D:7      | Noticed a hellwing
  9074 | D:8      | Noticed Maurice
  9131 | D:8      | Killed Maurice
  9131 | D:8      | Reached skill level 7 in Short Blades
  9131 | D:8      | Reached XP level 10. HP: 58/84 MP: 9/14
  9835 | D:8      | Got the uncursed robe of Eblephikh {Int+4}
  9846 | D:8      | Identified the +1 robe of Eblephikh {Int+4} (You found it
                  | on level 8 of the Dungeon)
 10163 | D:8      | Reached skill level 1 in Evocations
 10241 | D:9      | Found a staircase to the Orcish Mines.
 10244 | D:9      | Found Honut's Magic Scroll Shop.
 10794 | D:9      | Found Dekhat's Armour Boutique.
 11147 | D:9      | Found Ytaikhloe's Jewellery Shoppe.
 11153 | D:9      | Found Wicuyqex's Antique Armour Shop.
 11163 | D:9      | Bought a creamy pearl robe for 165 gold pieces
 11219 | D:9      | Found Letioco's Assorted Antiques.
 11241 | D:9      | Bought a scroll of identify for 54 gold pieces
 11241 | D:9      | Bought a scroll of identify for 54 gold pieces
 11255 | D:9      | Reached * piety under Ashenzari
 11297 | D:9      | Found a hazy altar of Hepliaklqana.
 11299 | D:9      | Found a hide-covered altar of Uskayaw.
 11485 | D:9      | Found a stormy altar of Qazlal.
 11542 | D:9      | Bought a +1 pair of boots of stealth for 247 gold pieces
 11948 | D:9      | Bought a scroll of blinking for 82 gold pieces
 11961 | D:10     | Entered Level 10 of the Dungeon
 12178 | D:10     | Noticed Nergalle
 12186 | D:10     | Killed Nergalle
 12186 | D:10     | Reached skill level 8 in Short Blades
 12186 | D:10     | Reached XP level 11. HP: 92/92 MP: 14/16
 12216 | D:10     | Noticed Sonja
 12227 | D:10     | Reached skill level 5 in Armour
 12250 | D:10     | Noticed Grum
 12382 | D:10     | Noticed Joseph
 12399 | D:10     | Killed Joseph
 12487 | D:10     | Killed Grum
 12750 | D:10     | Noticed a two-headed ogre
 12769 | D:10     | Killed a two-headed ogre
 12867 | D:10     | Killed Sonja
 13392 | D:10     | Found a burning altar of Makhleb.
 13393 | D:10     | Noticed Erica
 13430 | D:10     | Killed Erica
 13955 | D:11     | Reached skill level 5 in Spellcasting
 14031 | D:11     | Reached skill level 9 in Short Blades
 14124 | D:11     | Found a staircase to the Lair.
 14566 | D:11     | Noticed a manticore
 14587 | D:11     | Reached XP level 12. HP: 100/100 MP: 15/18
 15390 | D:12     | Found a runed translucent door.
 15410 | D:12     | Found a runed translucent door.
 15421 | D:12     | Found a runed translucent door.
 15464 | D:12     | Found a runed translucent door.
 15581 | D:12     | Noticed a two-headed ogre
 15584 | D:12     | Killed a two-headed ogre
 16145 | D:12     | Noticed a two-headed ogre
 17006 | D:13     | Found a gate leading to a gauntlet.
 17024 | D:13     | Reached skill level 10 in Short Blades
 17074 | D:13     | Noticed a two-headed ogre
 17085 | D:13     | Killed a two-headed ogre
 17111 | Gauntlet | Entered a Gauntlet
 17111 | Gauntlet | Found a transporter.
 17111 | Gauntlet | Found a runed translucent door.
 17111 | Gauntlet | Found a transporter.
 17111 | Gauntlet | Found a runed translucent door.
 17115 | Gauntlet | Found a transporter.
 17116 | Gauntlet | Found a transporter.
 17116 | Gauntlet | Found a transporter.
 17117 | Gauntlet | Reached ** piety under Ashenzari
 17119 | Gauntlet | Found a transporter.
 17126 | Gauntlet | Found a transporter.
 17128 | Gauntlet | Found a transporter.
 17128 | Gauntlet | Found a transporter.
 17130 | Gauntlet | Found a transporter.
 17133 | Gauntlet | Noticed a death scarab
 17137 | Gauntlet | Noticed an entropy weaver
 17138 | Gauntlet | Found a transporter.
 17142 | Gauntlet | Found a transporter.
 17192 | Gauntlet | Noticed a soul eater
 17235 | Gauntlet | Noticed a death scarab
 17398 | Gauntlet | Reached skill level 5 in Evocations
 17511 | Gauntlet | Slain by a spectral black mamba

Skill      XL: |  1  2  3  4  5  6  7  8  9 10 11 12 |
---------------+-------------------------------------+-----
Short Blades   | 1 2 3 4 5 7 8 9 10 | 10.2
Dodging        | 2 3 4 5 6 7 |  7.8
Fighting       | 1 2 3 4 5 6 7 8 9 |  9.0
Throwing       | 1 2 3 |  3.0
Armour         | 2 3 4 5 6 |  6.6
Spellcasting   | 2 3 4 5 |  5.1
Stealth        | 4 5 6 7 8 |  8.9
Evocations     | 2 3 5 |  5.0
Hexes          | 3 |  3.9

Action                   |  1- 3 |  4- 6 |  7- 9 | 10-12 || total
-------------------------+-------+-------+-------+-------++-------
Melee: Dagger            |   121 |   365 |   755 |  1471 ||  2712
 Fire: Blowgun           |       |    25 |       |     6 ||    31
Throw: Tomahawk          |       |       |       |    19 ||    19
       Throwing net      |       |       |       |     3 ||     3
 Cast: Ensorcelled Hiber |     1 |     3 |     9 |     9 ||    22
       Confusing Touch   |       |       |    27 |    89 ||   116
       Corona            |       |       |     3 |     1 ||     4
Invok: Curse Item        |       |       |     2 |       ||     2
Evoke: Wand              |       |       |     8 |    13 ||    21
  Use: Scroll            |       |       |    15 |    16 ||    31
       Potion            |       |       |     9 |    11 ||    20
 Stab: Sleeping          |     8 |     4 |     5 |    21 ||    38
       Distracted        |       |     1 |       |       ||     1
       Confused          |       |       |    21 |    75 ||    96
       Invisible         |       |       |     6 |     2 ||     8
       Paralysed         |       |       |       |     1 ||     1
       Held in net/web   |       |       |       |     1 ||     1
  Eat: Chunk             |     3 |    20 |    30 |    57 ||   110
Armor: Robe              |    38 |    25 |       |   306 ||   369
       Leather armour    |       |    18 |       |       ||    18
       Chain mail        |       |    15 |       |       ||    15
       Ring mail         |       |    31 |   227 |    38 ||   296
Dodge: Dodged            |    67 |   222 |   395 |   858 ||  1542
       Deflected         |       |       |     1 |       ||     1
